 Dungeon Crawl Stone Soup version 0.22-a0-351-g29664b4 (webtiles) character file.

17408 kidcy the Thaumaturge (level 12, -2/64 HPs)
             Began as a Deep Elf Wizard on Apr 12, 2018.
             Was an Initiate of Gozag.
             Slain by an eight-headed hydra (14 damage)
             ... on level 3 of the Lair of Beasts.
             The game lasted 00:50:17 (19511 turns).

kidcy the Thaumaturge (Deep Elf Wizard)            Turns: 19511, Time: 00:50:18

Health: -2/64      AC: 13    Str:  4    XL:     12   Next: 18%
Magic:  25/31      EV: 16    Int: 29    God:    Gozag
Gold:   975        SH:  0    Dex: 13    Spells: 0/37 levels left

rFire    . . .     SeeInvis +   l - +1 mace (protect)
rCold    . . .     Gourm    .   (no shield)
rNeg     + . .     Faith    .   m - +2 robe {rN+}
rPois    .         Spirit   .   k - +2 helmet
rElec    .         Reflect  .   y - +2 cloak
rCorr    .         Harm     .   (no gloves)
MR       +....                  c - +2 pair of boots {Stlth+}
Stlth    +++.......             (no amulet)
HPRegen  0.20/turn              b - +3 ring of evasion
MPRegen  0.22/turn              h - ring of see invisible

@: radiating poison
A: no striking features
a: Potion Petition, Call Merchant, Bribe Branch, Renounce Religion


You were on level 3 of the Lair of Beasts.
You worshipped Gozag.
Gozag was pleased with you.
You were not hungry.

You visited 3 branches of the dungeon, and saw 14 of its levels.
You also visited: Ossuary.

You collected 2161 gold pieces.
You spent 306 gold pieces at shops.
You paid 880 gold pieces to Gozag.

Inventory:

Hand Weapons
 l - a +1 mace of protection (weapon)
Armour
 c - a +2 pair of boots of stealth (worn)
 k - a +2 helmet (worn)
 m - a +2 robe of positive energy (worn)
 v - a +0 robe of magic resistance
 y - a +2 cloak (worn)
Jewellery
 b - a +3 ring of evasion (left hand)
 f - an uncursed ring of flight
 h - a ring of see invisible (right hand)
 q - an uncursed ring of ice
 s - an uncursed ring of protection from fire
Wands
 r - a wand of iceblast (7)
 u - a wand of paralysis (45)
 w - a wand of digging (15)
Scrolls
 e - a scroll of amnesia
 g - 5 scrolls of identify
 i - 7 scrolls of teleportation
 j - 3 scrolls of enchant weapon
 p - 3 scrolls of remove curse
Potions
 a - a potion of heal wounds
 o - a potion of berserk rage
 t - 2 potions of curing
 x - a potion of agility
 z - a potion of flight {unknown}
Comestibles
 d - 19 rations


   Skills:
 + Level 3.1 Fighting
 - Level 2.9 Armour
 - Level 2.4 Dodging
 + Level 2.9 Stealth
 + Level 13.3 Spellcasting
 - Level 11.1 Conjurations
 - Level 7.6 Charms
 * Level 2.1 Summonings
 - Level 1.1 Translocations
 - Level 8.9 Fire Magic
 - Level 3.6 Air Magic
 - Level 8.3 Poison Magic


You couldn't memorise any spells.
You knew the following spells:

 Your Spells              Type           Power        Failure   Level  Hunger
a - Magic Dart            Conj           ####         1%          1    None
b - Blink                 Tloc           N/A          2%          2    None
c - Conjure Flame         Conj/Fire      ######..     1%          3    None
d - Mephitic Cloud        Conj/Pois/Air  ######..     1%          3    None
e - Sticky Flame          Conj/Fire      ######..     1%          4    None
f - Fireball              Conj/Fire      ######....   1%          5    #......
g - Venom Bolt            Conj/Pois      ######....   1%          5    #......
h - Regeneration          Chrm/Necr      #####.....   1%          3    None
i - Summon Butterflies    Summ           ####....     1%          1    None
j - Summon Ice Beast      Ice/Summ       ####....     17%         4    None
s - Call Imp              Summ           ####....     1%          2    None
x - Olgreb's Toxic Radia  Pois           ######..     1%          4    None


Dungeon Overview and Level Annotations

Branches:
Dungeon (10/15)            Temple (1/1) D:7            Lair (3/6) D:10
 Shoals (0/4) Lair:2
  Snake: Lair:2-4    Spider: Lair:2-4       Orc: D:9-12

Altars:
Ashenzari
Cheibriados
Fedhas
Gozag
Makhleb
Nemelex Xobeh
Okawaru
Qazlal
Ru
Sif Muna
Trog
Uskayaw
Vehumet
Wu Jian
Xom
Zin
The Shining One

Shops:
Lair:3 *

Annotations:
D:3 2 transporters, xccam's ghost, amateur GnWn
D:8 Grum


Message History

The eight-headed hydra barely misses you.
The eight-headed hydra bites you!
The eight-headed hydra bites you but does no damage.
The eight-headed hydra misses you.
Casting: Conjure Flame (safe; 1% risk of failure)
Confirm with . or Enter, or press ? or * to list all spells.
You begin to radiate toxic energy.
The eight-headed hydra is engulfed in blazing flames.
The eight-headed hydra bites you!
* * * LOW HITPOINT WARNING * * *
The eight-headed hydra barely misses you.
The eight-headed hydra bites you but does no damage.
The eight-headed hydra bites you.
* * * LOW HITPOINT WARNING * * *
The eight-headed hydra barely misses you.
The eight-headed hydra bites you.
* * * LOW HITPOINT WARNING * * *
The eight-headed hydra bites you!
You die...
Your body crumbles into a pile of gold.

######....P...##
#.##...P.## ##...#...####
#######.##.## #.#...#
#.....# #.....## #..#..P#
#.@.#### ##D## ##..##
#.#..#### #
###..##.####### ##
##.......#.##.####.
##............###..#
##..P.........#....P#
#####..##...........#..##


You could see an eight-headed hydra.

Vanquished Creatures
  A catoblepas (D:9)
  Erica (Lair:2)
  2 hydras
  A two-headed ogre (D:9)
  Joseph (Lair:1)
  2 spiny frogs
  2 komodo dragons
  A queen bee (Lair:3)
  The ghost of Fingolfin the Charlatan, an amateur DgTm (D:5)
  A hornet (D:10)
  4 dream sheep (Lair:2)
  A wyvern (D:10)
  A wraith (D:9)
  Eustachio (D:5)
  20 yaks
  2 soldier ants (D:10)
  6 porcupines
  Duvessa (D:7)
  5 water moccasins
  A black bear (D:9)
  2 ice beasts
  5 orc warriors (D:6)
  3 sky beasts
  A necrophage (D:7)
  5 ogres
  10 wolves
  5 crocodiles
  4 bullfrogs
  2 scorpions (D:4)
  Dowan (D:7)
  8 wights
  34 killer bees
  4 howler monkeys
  4 crimson imps
  A quasit (D:8)
  4 hounds
  3 jellies
  A centaur zombie (D:8)
  12 orc wizards
  7 orc priests
  A bullfrog skeleton (D:6)
  A centaur skeleton (D:7)
  Jessica (D:2)
  3 iguanas
  7 worker ants
  A hound skeleton (D:8)
  A mummy (Ossuary)
  3 worker ant zombies
  9 adders
  A howler monkey skeleton (D:4)
  3 oozes
  An adder skeleton (D:9)
  3 worms
  A dart slug (D:1)
  5 leopard geckos
  50 orcs
  5 giant cockroaches
  2 goblins (D:3)
  9 hobgoblins
  11 jackals
  9 kobolds
  2 quokkas (D:9)
  3 bats
  3 frilled lizards
  A hobgoblin zombie (Ossuary)
  A leopard gecko skeleton (D:7)
  4 orc zombies (Ossuary)
  3 quokka skeletons
  8 rats
  A plant (Lair:3)
324 creatures vanquished.

Vanquished Creatures (others)
  An orc wizard (D:9)
  A fungus (Lair:3)
  2 plants
4 creatures vanquished.

Grand Total: 328 creatures vanquished

Notes
Turn   | Place    | Note
-------+----------+-------------------------------------------
     0 | D:1      | kidcy the Deep Elf Wizard began the quest for the Orb.
     0 | D:1      | Reached XP level 1. HP: 10/10 MP: 7/7
   311 | D:1      | Reached XP level 2. HP: 15/15 MP: 4/9
   534 | D:1      | Learned a level 2 spell: Blink
   537 | D:1      | Learned a level 2 spell: Call Imp
   970 | D:2      | Reached skill level 5 in Spellcasting
   970 | D:2      | Reached XP level 3. HP: 19/19 MP: 1/11
  1294 | D:2      | Found a bloodstained altar of Trog.
  1349 | D:2      | Learned a level 3 spell: Conjure Flame
  1353 | D:2      | Learned a level 3 spell: Mephitic Cloud
  1364 | D:2      | Noticed Jessica
  1371 | D:2      | Killed Jessica
  1371 | D:2      | Reached XP level 4. HP: 24/24 MP: 7/13
  1598 | D:2      | Found a deep blue altar of Sif Muna.
  2006 | D:3      | Found a transporter.
  2088 | D:3      | Found a transporter.
  2193 | D:3      | Noticed xccam's ghost (amateur GnWn)
  2926 | D:3      | Reached XP level 5. HP: 23/28 MP: 11/15
  3213 | D:4      | Reached skill level 6 in Spellcasting
  3213 | D:4      | Reached skill level 5 in Conjurations
  3353 | D:4      | Reached XP level 6. HP: 32/32 MP: 7/17
  3523 | D:4      | Reached skill level 1 in Air Magic
  4358 | D:4      | Reached XP level 7. HP: 36/36 MP: 2/19
  4487 | D:4      | Reached skill level 7 in Spellcasting
  5168 | D:5      | Entered Level 5 of the Dungeon
  5208 | D:5      | Found a sand-covered staircase.
  5220 | Ossuary  | Entered an ossuary
  5425 | D:5      | Noticed Fingolfin's ghost (amateur DgTm)
  5699 | D:5      | Killed Fingolfin's ghost
  5871 | D:5      | Reached XP level 8. HP: 30/41 MP: 0/21
  6407 | D:5      | Reached skill level 8 in Spellcasting
  6900 | D:5      | Noticed Eustachio
  6989 | D:5      | Killed Eustachio
  7452 | D:6      | Found an iron altar of Okawaru.
  7829 | D:6      | Reached skill level 9 in Spellcasting
  8580 | D:6      | Reached skill level 10 in Conjurations
  8580 | D:6      | Reached XP level 9. HP: 45/45 MP: 6/24
  8718 | D:6      | Found a shimmering altar of Xom.
  9320 | D:6      | Reached skill level 10 in Spellcasting
  9963 | D:7      | Found a staircase to the Ecumenical Temple.
 10153 | D:7      | Learned a level 4 spell: Sticky Flame
 10159 | D:7      | Learned a level 5 spell: Fireball
 10163 | D:7      | Learned a level 3 spell: Regeneration
 10313 | Temple   | Entered the Ecumenical Temple
 10331 | Temple   | Became a worshipper of Gozag Ym Sagoz the Greedy
 10420 | D:7      | Noticed Duvessa
 10422 | D:7      | Noticed Dowan
 10449 | D:7      | Killed Dowan
 10449 | D:7      | Reached skill level 1 in Fire Magic
 10461 | D:7      | Killed Duvessa
 10829 | D:7      | Found a blossoming altar of Fedhas.
 10888 | D:7      | Found a sparkling altar of Nemelex Xobeh.
 11159 | D:8      | Learned a level 5 spell: Venom Bolt
 11345 | D:8      | Reached skill level 1 in Poison Magic
 11380 | D:8      | Noticed Grum
 11628 | D:8      | Found a hide-covered altar of Uskayaw.
 11629 | D:8      | Found a radiant altar of Vehumet.
 11629 | D:8      | Found a sacrificial altar of Ru.
 11630 | D:8      | Found an ornate altar of the Wu Jian Council.
 12203 | D:8      | Found a sparkling altar of Nemelex Xobeh.
 12656 | D:9      | Noticed a two-headed ogre
 12669 | D:9      | Killed a two-headed ogre
 12669 | D:9      | Reached skill level 11 in Spellcasting
 12669 | D:9      | Reached XP level 10. HP: 26/49 MP: 0/27
 12730 | D:9      | Reached skill level 5 in Fire Magic
 13291 | D:9      | Noticed a catoblepas
 13304 | D:9      | Killed a catoblepas
 13304 | D:9      | Reached skill level 5 in Poison Magic
 13757 | D:10     | Entered Level 10 of the Dungeon
 14871 | D:10     | Found a staircase to the Lair.
 15172 | D:10     | Learned a level 4 spell: Olgreb's Toxic Radiance
 15246 | Lair:1   | Entered Level 1 of the Lair of Beasts
 15249 | Lair:1   | Noticed Joseph
 15254 | Lair:1   | Killed Joseph
 15266 | Lair:1   | Reached XP level 11. HP: 53/53 MP: 1/28
 15403 | Lair:1   | Reached skill level 12 in Spellcasting
 16961 | Lair:2   | Reached skill level 1 in Charms
 17136 | Lair:2   | Noticed Erica
 17164 | Lair:2   | Reached skill level 1 in Fighting
 17164 | Lair:2   | Reached skill level 1 in Armour
 17318 | Lair:2   | Killed Erica
 17431 | Lair:2   | Found a staircase to the Shoals.
 17623 | Lair:3   | Noticed a four-headed hydra
 17701 | Lair:2   | Killed a four-headed hydra
 17701 | Lair:2   | Reached skill level 5 in Charms
 17815 | Lair:3   | Noticed a four-headed hydra
 17828 | Lair:3   | Killed a four-headed hydra
 17835 | Lair:3   | Reached skill level 13 in Spellcasting
 18061 | Lair:3   | Reached XP level 12. HP: 48/64 MP: 14/31
 18211 | Lair:3   | Bought a scroll of identify for 68 gold pieces
 18211 | Lair:3   | Bought an ichor-stained leather armour for 238 gold pieces
 18214 | Lair:3   | Identified the +1 leather armour "Avitzetu" {Dex+2} (You bought it in a shop on level 3 of the Lair of Beasts)
 18726 | Lair:3   | Learned a level 1 spell: Summon Butterflies
 18731 | Lair:3   | Learned a level 4 spell: Summon Ice Beast
 19507 | Lair:3   | Noticed an eight-headed hydra
 19511 | Lair:3   | Slain by an eight-headed hydra

Vault maps used:
D:1:      lemuel_arrival_room, corner_web_ring
D:2:      nicolae_overflow_crystal_walls, lemuel_blue_sif_altar, uniq_jessica
D:3:      gammafunk_steamed_eel
D:5:      first_ration, chequers_ossuary_entry_cave, uniq_eustachio
D:6:      xom_teletrap_fun, basic_altar
D:7:      overflow_temple_1_default, minmay_temple_entry_glass, serial_curves,
          eino_curves_03, eino_curves_01, eino_curves_04,
          nemelex_lonely_heart_becter, uniq_duvessa
D:8:      kennysheep_mini_moat, chequers_temple_overflow_statue_of_worship,
          uniq_grum
D:10:     david_lair_shrubbed, hangedman_pestilent_swarm
Temple:   dshaligram_water_room_temple
Lair:1:   serial_bayou_shore_a, grunt_megastairs_5, uniq_joseph
Lair:2:   shoals_dummy_entry, uniq_erica
Lair:3:   special_room, grunt_megastairs_2
Ossuary:  ossuary_tomb_3

Skill      XL: |  1  2  3  4  5  6  7  8  9 10 11 12 |
---------------+-------------------------------------+-----
Conjurations   | 2 3 4 5 6 7 10 11 | 11.1
Spellcasting   | 5 6 7 9 11 13 | 13.3
Air Magic      | 1 3 |  3.6
Fire Magic     | 4 7 8 |  8.9
Poison Magic   | 3 7 8 |  8.3
Charms         | 6 7 |  7.6
Fighting       | 2 3 |  3.1
Armour         | 2 |  2.9
Summonings     | 2 |  2.1
Dodging        | |  2.4
Stealth        | |  2.9
Translocations | |  1.1

Action                   |  1- 3 |  4- 6 |  7- 9 | 10-12 || total
-------------------------+-------+-------+-------+-------++-------
Melee: Unarmed           |     6 |       |       |       ||     6
       Mace              |     4 |    64 |   113 |   102 ||   283
 Cast: Magic Dart        |    64 |   135 |   571 |   100 ||   870
       Blink             |     2 |    14 |    20 |     2 ||    38
       Mephitic Cloud    |     1 |     9 |    11 |     2 ||    23
       Conjure Flame     |       |     8 |    36 |     2 ||    46
       Sticky Flame      |       |       |     8 |    59 ||    67
       Fireball          |       |       |     5 |    15 ||    20
       Venom Bolt        |       |       |     2 |    25 ||    27
       Olgreb's Toxic Ra |       |       |       |    34 ||    34
Invok: Call Merchant     |       |       |       |     1 ||     1
  Use: Scroll            |     5 |     5 |     8 |     7 ||    25
       Potion            |       |     2 |     8 |     3 ||    13
 Stab: Sleeping          |     1 |       |       |       ||     1
       Distracted        |       |       |       |     1 ||     1
  Eat: Chunk             |     1 |     6 |     7 |       ||    14
       Ration            |       |     1 |     6 |     7 ||    14
Armor: Robe              |     5 |    43 |   105 |    96 ||   249
Dodge: Dodged            |    20 |   104 |   225 |   232 ||   581

Table legend:
 A = Spawn XP
 B = Non-spawn XP
 C = Spawn XP percentage of total XP
 D = Spawn monster count
 E = Non-spawn monster count
 F = Spawn count percentage of total count
 G = Total turns spent on level
                    A         B        C        D         E        F      G
               +---------+---------+-------+---------+---------+-------+---------
         Total |       0 |   24869 |   0.0 |       0 |     324 |   0.0 | 19511
               +---------+---------+-------+---------+---------+-------+---------
           D:1 |       0 |      38 |   0.0 |       0 |      19 |   0.0 |   920
           D:2 |       0 |     128 |   0.0 |       0 |      22 |   0.0 |  1646
           D:3 |       0 |      70 |   0.0 |       0 |      15 |   0.0 |   670
           D:4 |       0 |     698 |   0.0 |       0 |      25 |   0.0 |  1932
           D:5 |       0 |     969 |   0.0 |       0 |      21 |   0.0 |  2181
           D:6 |       0 |    1708 |   0.0 |       0 |      41 |   0.0 |  2382
           D:7 |       0 |     895 |   0.0 |       0 |      21 |   0.0 |  1461
           D:8 |       0 |     287 |   0.0 |       0 |      15 |   0.0 |  1224
           D:9 |       0 |    3387 |   0.0 |       0 |      36 |   0.0 |  1280
          D:10 |       0 |    2059 |   0.0 |       0 |      21 |   0.0 |  1554
        Lair:1 |       0 |    2893 |   0.0 |       0 |      14 |   0.0 |   923
        Lair:2 |       0 |    5436 |   0.0 |       0 |      21 |   0.0 |  1728
        Lair:3 |       0 |    6280 |   0.0 |       0 |      47 |   0.0 |  1489
       Ossuary |       0 |      21 |   0.0 |       0 |       6 |   0.0 |    86
               +---------+---------+-------+---------+---------+-------+---------
